 Dungeon Crawl Stone Soup version 0.22.1-2-g9c5b331 (webtiles) character file.

1474 HoaS the Ruffian (level 8, -2/51 HPs)
             Began as a Gargoyle Berserker on Jan 1, 2019.
             Was an Elder of Trog.
             Slain by an orc warrior
             ... wielding a +0 glaive of distortion
              (6 damage)
             ... on level 6 of the Dungeon.
             The game lasted 00:17:31 (6040 turns).

HoaS the Ruffian (Gargoyle Berserker)               Turns: 6040, Time: 00:17:32

Health: -2/51      AC: 19    Str: 22    XL:     8   Next: 78%
Magic:  0/8        EV:  8    Int:  9    God:    Trog [****..]
Gold:   284        SH:  0    Dex: 11    Spells: 7/7 levels left

rFire    . . .     SeeInvis .     - Unarmed
rCold    . . .     Gourm    .   (no shield)
rNeg     + . .     Faith    .   v - +0 plate armour
rPois    ∞         Spirit   +   h - +0 helmet
rElec    +         Reflect  .   x - scarf {Spirit}
rCorr    .         Harm     .   (no gloves)
MR       .....                  (no boots)
Stlth    ..........             (no amulet)
HPRegen  0.17/turn              a - +2 ring of intelligence
MPRegen  0.11/turn              (no ring)

@: no status effects
A: negative energy resistance 1, electricity resistance, unbreathing,
petrification resistance, rot immunity, AC +5
a: Berserk, Trog's Hand, Brothers in Arms, Renounce Religion


You were on level 6 of the Dungeon.
You worshipped Trog.
Trog was greatly pleased with you.
You were not hungry.

You visited 1 branch of the dungeon, and saw 6 of its levels.
You also visited: Sewer.

You collected 284 gold pieces.

Inventory:

Armour
 h - a +0 helmet (worn)
 v - a +0 plate armour (worn)
 x - a scarf of spirit shield (worn)
Jewellery
 a - a +2 ring of intelligence (left hand)
Wands
 f - a wand of iceblast (7)
 g - a wand of random effects (6)
 i - a wand of paralysis (11)
Scrolls
 j - a scroll of identify
 k - 2 scrolls of amnesia
 n - 5 scrolls of remove curse
 p - 3 scrolls of fog
 r - 3 scrolls of teleportation
 y - a scroll of blinking
 z - a scroll of magic mapping
 A - a scroll of fear
Potions
 c - 2 potions of lignification
 d - a potion of agility
 e - a potion of heal wounds
 l - 5 potions of flight
 m - a potion of resistance {unknown}
 o - 3 potions of might
 q - 2 potions of mutation
 s - a potion of ambrosia {unknown}
 t - a potion of invisibility {unknown}
 w - a potion of curing {unknown}
Comestibles
 b - 14 rations


   Skills:
 + Level 6.1 Fighting
 + Level 5.5 Armour
 + Level 4.2 Dodging
 * Level 7.4 Unarmed Combat


You had 7 spell levels left.
You didn't know any spells.
Your spell library was empty.

Dungeon Overview and Level Annotations

Branches:
Dungeon (6/15)             Temple (0/1) D:4

Altars:

Shops:
D:4 [


Innate Abilities, Weirdness & Mutations

You are resistant to torment.
Your stone body is resilient. (AC +5)
You are immune to poison.
You resist negative energy. (rN+)
You are resistant to electric shocks. (rElec)
You can survive without breathing.
You are immune to petrification.
You are immune to rotting.


Message History

The orc warrior hits you with a glaive of distortion.
Space bends around you.
You barely miss the orc warrior.
The orc warrior is severely wounded.
The orc warrior hits you with a glaive of distortion.
* * * LOW HITPOINT WARNING * * *
Space bends around you.
* * * LOW HITPOINT WARNING * * *
You hit the orc warrior but do no damage.
The orc warrior is severely wounded.
You hit the orc warrior but do no damage.
The orc warrior is severely wounded.
The orc warrior hits you with a glaive of distortion.
* * * LOW HITPOINT WARNING * * *
Space bends around you.
* * * LOW HITPOINT WARNING * * *
You closely miss the orc warrior.
The orc warrior is severely wounded.
The orc warrior hits you with a glaive of distortion!
You die...

########
#..o@..#
#.####.#
#######.#
#.# #.#
#...o.o#
... #.#
#.# ##$#
#.#
#.#####
#.# ...
#o##..
#.. ..#
#.##.# #
### ###
#.##.##.#


You could see an orc warrior.

Vanquished Creatures
  A phantom (D:6)
  2 sky beasts (D:5)
  2 ogres
  4 big kobolds (Sewer)
  A bullfrog (D:6)
  2 scorpions
  2 bullfrog skeletons
  4 orc wizards
  An orc priest (D:5)
  A centaur skeleton (D:5)
  An iguana (D:6)
  A worker ant (D:5)
  A howler monkey zombie (D:5)
  10 gnolls
  A river rat (Sewer)
  7 adders
  3 oozes (Sewer)
  An adder skeleton (D:4)
  3 worms
  3 dart slugs
  9 leopard geckos
  12 orcs
  6 ball pythons
  2 bats (D:2)
  12 giant cockroaches
  8 hobgoblins
  6 jackals
  10 kobolds
  2 quokkas
  8 frilled lizards
  8 goblins
  15 rats
149 creatures vanquished.

Notes
Turn   | Place    | Note
-------+----------+-------------------------------------------
     0 | D:1      | HoaS the Gargoyle Berserker began the quest for the Orb.
     0 | D:1      | Reached XP level 1. HP: 14/14 MP: 1/1
   293 | D:1      | Reached XP level 2. HP: 13/19 MP: 2/2
   419 | D:1      | Reached XP level 3. HP: 7/23 MP: 3/3
  1153 | D:2      | Reached XP level 4. HP: 18/29 MP: 4/4
  1489 | D:2      | Reached ** piety under Trog
  1539 | D:2      | Reached skill level 4 in Unarmed Combat
  1799 | D:2      | Reached XP level 5. HP: 29/33 MP: 5/5
  2594 | D:4      | Reached XP level 6. HP: 39/39 MP: 6/6
  3034 | D:4      | Reached skill level 5 in Unarmed Combat
  3071 | D:4      | Found a staircase to the Ecumenical Temple.
  3641 | D:4      | Found Cohag's Antique Armour Emporium.
  3785 | D:5      | Entered Level 5 of the Dungeon
  3918 | D:5      | Reached *** piety under Trog
  3965 | D:5      | Reached XP level 7. HP: 44/44 MP: 7/7
  4251 | D:5      | Reached skill level 5 in Fighting
  4477 | D:5      | Reached skill level 6 in Unarmed Combat
  4670 | D:5      | Reached XP level 8. HP: 49/49 MP: 8/8
  5153 | D:6      | Reached skill level 5 in Armour
  5221 | D:6      | Found a glowing drain.
  5225 | Sewer    | Entered a sewer
  5458 | Sewer    | Reached skill level 7 in Unarmed Combat
  5472 | Sewer    | Reached **** piety under Trog
  6040 | D:6      | Slain by an orc warrior

Skill      XL: |  1  2  3  4  5  6  7  8 |
---------------+-------------------------+-----
Dodging        | 2 3 4 |  4.2
Armour         | 3 4 5 |  5.5
Unarmed Combat | 4 5 6 7 |  7.4
Fighting       | 4 5 6 |  6.1

Action                   |  1- 3 |  4- 6 |  7- 9 || total
-------------------------+-------+-------+-------++-------
Melee: Unarmed           |    96 |   297 |   363 ||   756
       Punch             |     2 |     7 |     9 ||    18
Invok: Berserk           |     1 |     1 |     3 ||     5
       Trog's Hand       |       |       |     1 ||     1
  Use: Scroll            |     3 |    11 |     4 ||    18
       Potion            |       |       |     1 ||     1
  Eat: Chunk             |     2 |    10 |     8 ||    20
       Ration            |       |       |     1 ||     1
Armor: Animal skin       |    30 |       |       ||    30
       Leather armour    |     9 |    65 |       ||    74
       Ring mail         |       |    17 |       ||    17
       Plate armour      |       |    15 |   201 ||   216
Dodge: Dodged            |    53 |   177 |   111 ||   341
